 Dungeon Crawl Stone Soup version 0.30.1-11-g7821555f0a (webtiles) character file.

Game seed: 1410147112675449054

4587 uncletom the Fighter (level 10, -1/100 HPs)
             Began as a Minotaur Berserker on Nov 11, 2023.
             Was an Elder of Trog.
             Slain by a rakshasa
             ... wielding a +0 long sword
              (12 damage)
             ... on level 8 of the Dungeon.
             The game lasted 00:21:07 (8235 turns).

uncletom the Fighter (Minotaur Berserker)           Turns: 8235, Time: 00:21:08

Health: -1/100     AC: 17    Str: 29    XL:     10   Next: 18%
Magic:  9/9        EV: 10    Int:  4    God:    Trog [****..]
Gold:   720        SH:  6    Dex: 12    Spells: 9/9 levels left

rFire   . . .        J - +1 hand axe of Weez {venom, rCorr Str+5 Stlth+}
rCold   . . .        v - +0 buckler
rNeg    . . .        O - +0 plate armour
rPois   .            (helmet restricted)
rElec   .            (no cloak)
rCorr   +            o - +0 pair of gloves
SInv    .            e - +2 pair of boots
Will    ++...        (no amulet) Stlth
                     (no ring)
HPRegen 1.36/turn    (no ring)
MPRegen 0.11/turn

%: no passive effects
@: strong-willed, regenerating, studying 2 skills
A: horns 2, retaliatory headbutt
a: Renounce Religion, Berserk, Trog's Hand, Brothers in Arms


You were on level 8 of the Dungeon.
You worshipped Trog.
Trog was greatly pleased with you.
You visited 1 branch of the dungeon, and saw 8 of its levels.

You collected 824 gold pieces.
You spent 104 gold pieces at shops.

Inventory:

Hand Weapons
 a - a +0 hand axe
 j - a +0 flail
 y - a +0 battleaxe
 z - a +5 war axe
 J - the +1 hand axe of Weez (weapon) {venom, rCorr Str+5 Stlth+}
   (You found it on level 4 of the Dungeon)

   Str:       It affects your strength (+5).
   rCorr:     It protects you from acid and corrosion.
   Stlth:     It makes you more stealthy.
 L - a +2 flail of protection
 M - a +2 spear of venom
 P - a +0 shortbow
Missiles
 N - a throwing net (quivered)
Armour
 b - a +0 animal skin
 c - a +0 leather armour
 e - a +2 pair of boots (worn)
 n - a +0 ring mail
 o - a +0 pair of gloves (worn)
 v - a +0 buckler (worn)
 F - a +1 scale mail of fire resistance
 O - a +0 plate armour (worn)
 R - a scarf of harm
 S - a +0 troll leather armour
Jewellery
 t - a +4 ring of protection
 Q - a ring of flight
Wands
 A - a wand of iceblast (8)
Scrolls
 d - 8 scrolls of identify
 i - a scroll of butterflies {unknown}
 k - 2 scrolls of blinking {unknown}
 r - 2 scrolls of vulnerability
 s - a scroll of poison
 u - 3 scrolls of teleportation {unknown}
 w - 2 scrolls of fog {unknown}
 B - 2 scrolls of immolation {unknown}
 C - 2 scrolls of noise {unknown}
 D - a scroll of enchant armour {unknown}
 G - a scroll of enchant weapon {unknown}
 H - a scroll of silence {unknown}
 K - a scroll of brand weapon {unknown}
Potions
 f - 2 potions of lignification {unknown}
 g - 4 potions of haste
 h - 2 potions of degeneration
 l - a potion of might
 m - 14 potions of curing
 p - a potion of berserk rage
 q - a potion of ambrosia {unknown}
 x - 2 potions of cancellation {unknown}
 E - 4 potions of mutation {unknown}
 I - 2 potions of invisibility {unknown}
Miscellaneous
 T - a phantom mirror


   Skills:
 * Level 12.6 Fighting
 + Level 7.7(8.9) Axes
 + Level 6.6(8.3) Maces & Flails
 + Level 6.8 Armour
 * Level 6.9 Dodging
 + Level 7.8 Shields


You had 9 spell levels left.
You didn't know any spells.
Your spell library was empty.

Dungeon Overview and Level Annotations

Branches:
Dungeon (8/15)             Temple (0/1) D:4
   Lair: D:8-11

Altars:
Cheibriados
Elyvilon
Kikubaaqudgha
Ru
Sif Muna
Uskayaw

Shops:
D:3 ?


Innate Abilities, Weirdness & Mutations

You have a pair of horns on your head.
You reflexively headbutt those who attack you in melee.


Message History

You are too injured to fight recklessly!
You are too injured to fight recklessly!
You are too injured to fight recklessly!
You are too injured to fight recklessly!
You are too injured to fight recklessly!
You are too injured to fight recklessly!
You hit the rakshasa. Your headbutt misses the rakshasa.
The rakshasa is moderately wounded.
The rakshasa hits you with a +0 long sword!
You hit the rakshasa but do no damage.
The rakshasa is moderately wounded.
You block the rakshasa's attack.
You hit the rakshasa. Your headbutt misses the rakshasa.
The rakshasa is heavily wounded.
The rakshasa hits you but does no damage.
You hit the rakshasa.
The rakshasa is heavily wounded.
The injured rakshasa weaves a defensive illusion!
You closely miss the rakshasa. Your headbutt misses the rakshasa.
The rakshasa is heavily wounded.
The rakshasa hits you with a +0 long sword!
* * * LOW HITPOINT WARNING * * *
You barely miss the rakshasa.
The rakshasa is heavily wounded.
You barely miss the rakshasa. Your headbutt misses the rakshasa.
The rakshasa is heavily wounded.
The rakshasa hits you with a +0 long sword!
* * * LOW HITPOINT WARNING * * *
You see here a +0 falchion of electrocution.
The rakshasa attacks as you move away!
The rakshasa hits you with a +0 long sword!
* * * LOW HITPOINT WARNING * * *
You hit the rakshasa.
The rakshasa looks even sicker.
You headbutt the rakshasa.
The rakshasa is severely wounded.
The rakshasa hits you but does no damage.
Your skin crawls.
You feel strong-willed.
The rakshasa hits you with a +0 long sword!
You die...

.#.#.#.# #.....##.....###.#.#####
##.#.####.#####.##........#......
#######. ##.##..#########..# #.#.
##.#.......#...... #.#
#.#...###.#.....# #.# #
#.#...#.#.#.###.. ##.# #|
#.#............## #..# #.##
##.#...###).###.## #..##
#R.###@##......))..#.## #...##
#)#R##........##.#.## #.#..##
##R##..........#.#.##
#.....#######.....####..#.#..'
###............>........#.####
##...........######...#.# #
############# #.#.#)# # #.###)# #
#.....# #


You could see 2 rakshasas.

Vanquished Creatures
  A two-headed ogre (D:8)
  A tengu warrior (D:8)
  A troll (D:8)
  2 wyverns
  A yak (D:8)
  A steam dragon (D:8)
  An orc warrior (D:7)
  2 black bears
  An ogre (D:7)
  3 centaurs
  2 kobold brigands
  A phantom (D:6)
  6 bullfrogs
  A scorpion (D:5)
  3 wights (D:4)
  5 killer bees (D:8)
  2 howler monkeys
  4 hounds
  5 jellies
  3 orc priests
  2 sleepcaps (D:7)
  2 gnoll boudas
  4 iguanas
  Jessica (D:2)
  3 orc wizards
  Robin (D:2)
  4 gnolls
  5 adders
  A shadow imp (D:5)
  A white imp (D:6)
  An ufetubus (D:7)
  A worm (D:3)
  23 orcs
  10 ball pythons
  11 endoplasms
  7 giant cockroaches
  20 goblins
  9 hobgoblins
  7 jackals
  2 quokkas (D:1)
  4 bats
  3 frilled lizards
  12 kobolds
  6 rats
186 creatures vanquished.

Notes
Turn   | Place    | Note
-------+----------+-------------------------------------------
     0 | D:1      | uncletom the Minotaur Berserker began the quest for the
                  | Orb.
     0 | D:1      | Reached XP level 1. HP: 19/19 MP: 0/0
    64 | D:1      | Found a faded altar of an unknown god.
   118 | D:1      | Reached XP level 2. HP: 11/27 MP: 1/1
   290 | D:1      | Reached skill level 4 in Fighting
   290 | D:1      | Reached XP level 3. HP: 28/33 MP: 2/2
   973 | D:2      | Reached ** piety under Trog
  1012 | D:2      | Noticed Robin
  1018 | D:2      | Reached skill level 1 in Maces & Flails
  1018 | D:2      | Reached XP level 4. HP: 37/40 MP: 3/3
  1023 | D:2      | Killed Robin
  1228 | D:2      | Noticed Jessica
  1237 | D:2      | Killed Jessica
  1238 | D:2      | Reached skill level 5 in Axes
  1962 | D:3      | Found Ruovecai's Magic Scroll Emporium.
  1967 | D:3      | Bought a scroll of vulnerability for 52 gold pieces
  1967 | D:3      | Bought a scroll of poison for 52 gold pieces
  2034 | D:3      | Found a white marble altar of Elyvilon.
  2113 | D:3      | Reached XP level 5. HP: 47/47 MP: 4/4
  2800 | D:4      | Reached *** piety under Trog
  2810 | D:4      | Identified 2 scrolls of acquirement
  2810 | D:4      | Acquired a manual of Fighting
  2812 | D:4      | Acquired 321 gold pieces
  2841 | D:4      | Reached skill level 5 in Fighting
  2848 | D:4      | Reached XP level 6. HP: 56/56 MP: 5/5
  3208 | D:4      | Reached skill level 6 in Fighting
  3208 | D:4      | Reached skill level 1 in Shields
  3282 | D:4      | Found a staircase to the Ecumenical Temple.
  3295 | D:4      | Reached XP level 7. HP: 64/64 MP: 6/6
  3341 | D:4      | Identified the +1 hand axe of Weez {venom, rCorr Str+5
                  | Stlth+}
  3564 | D:5      | Entered Level 5 of the Dungeon
  3910 | D:5      | Reached skill level 7 in Fighting
  4311 | D:5      | Found an ancient bone altar of Kikubaaqudgha.
  4321 | D:5      | Found a hide-covered altar of Uskayaw.
  4322 | D:5      | Found a shimmering blue altar of Sif Muna.
  4323 | D:5      | Found a sacrificial altar of Ru.
  4325 | D:5      | Found a snail-covered altar of Cheibriados.
  4585 | D:6      | Reached skill level 8 in Fighting
  4585 | D:6      | Reached XP level 8. HP: 70/74 MP: 7/7
  5180 | D:6      | Reached skill level 9 in Fighting
  5180 | D:6      | Reached skill level 5 in Armour
  5573 | D:7      | Reached skill level 5 in Maces & Flails
  5609 | D:7      | Reached skill level 5 in Shields
  5728 | D:7      | Reached **** piety under Trog
  6002 | D:7      | Reached skill level 5 in Dodging
  6045 | D:7      | Reached skill level 10 in Fighting
  6045 | D:7      | Reached XP level 9. HP: 85/85 MP: 8/8
  6740 | D:8      | Reached skill level 11 in Fighting
  7433 | D:8      | Noticed a tengu warrior
  7434 | D:8      | Noticed a troll
  7449 | D:8      | Killed a tengu warrior
  7455 | D:8      | Killed a troll
  7456 | D:8      | Reached skill level 12 in Fighting
  8158 | D:8      | Reached XP level 10. HP: 97/97 MP: 9/9
  8205 | D:8      | Noticed a rakshasa
  8205 | D:8      | Noticed a two-headed ogre
  8212 | D:8      | Killed a two-headed ogre
  8235 | D:8      | Slain by a rakshasa

Illustrated notes

Levels and vault maps discovered:
D:1:      lightli_arrival_noodles, layout_basic,
          hellmonk_ecumenical_altar_prayer_group, minmay_heptomino_w4
D:2:      layout_basic, minivault_4, chequers_serial_rivers_micro_e,
          uniq_jessica, uniq_robin
D:3:      layout_basic, elyvilon_altar_1, serial_shops, nicolae_shop_trees
D:4:      layout_loops_ring, minmay_temple_entry_glassed_door
D:5:      layout_cave_pools, minitemple, sigmund_army
D:6:      layout_loops_ring, skrybe_limestone_x
D:7:      layout_gridville, corexii_leaking_fountain
D:8:      minmay_the_grid_octo_triangle [minmay_the_grid_octo_fat_diamond,
          minmay_the_grid_octo_prize_single_spiral, minmay_the_grid_octo_teeth],
          layout_basic

Skill      XL: |  1  2  3  4  5  6  7  8  9 |
---------------+----------------------------+-----
Axes           | 4 5 6 7 |  7.7
Fighting       | 4 5 6 8 10 12 | 12.6
Maces & Flails | 1 2 3 4 5 6 |  6.6
Armour         | 3 4 5 6 |  6.8
Dodging        | 3 4 5 6 |  6.9
Shields        | 1 3 5 7 |  7.8

Action                     |  1- 3 |  4- 6 |  7- 9 | 10-12 || total
---------------------------+-------+-------+-------+-------++-------
  Melee: Hand axe          |    41 |       |   168 |    26 ||   235
         Headbutt          |     5 |    12 |    45 |     5 ||    67
         Flail             |    47 |   140 |       |       ||   187
         War axe           |       |     8 |    74 |       ||    82
 Invoke: Berserk           |     2 |     1 |     2 |       ||     5
         Trog's Hand       |       |       |       |     1 ||     1
    Use: Scroll            |       |     7 |       |       ||     7
 Armour: Leather armour    |    41 |    12 |       |       ||    53
         Ring mail         |       |    50 |    26 |       ||    76
         Scale mail        |       |       |    44 |       ||    44
         Plate armour      |       |       |    60 |     4 ||    64
  Dodge: Dodged            |    56 |    84 |   124 |     5 ||   269
  Block: Buckler           |       |     3 |    49 |     6 ||    58
